AoeStats
← Cheario

Nomad

509280480Analyzed
3v3 RM · 6d ago on Sep 26, 2026· 46m 23s· 6 players
Game mode
Random Map
Map size
210×210
Population
200
Speed
Normal
Resources
Standard
Victory
Conquest
Starting age
Dark Age
Ending age
Imperial Age
RankedLock teamsTeams togetherTeam positionsShared explorationLock speedFull tech treeHidden civsTurbo modeCheats
Victory
Defeat
🇺🇸 Italians · United States
1234
+16
🇭🇰 Danes · Hong Kong SAR China
1212
+17
🇺🇸 Spanish · United States
1206
+17
🇺🇸 Danes · United States
1238
-17
🇺🇸 Saxons · United States
1229
-16
🇺🇸 Varangians · United States
1228
-17
Returned_Legend
4:32 Loom
13:44 Feudal Age
14:19 Double-Bit Axe
17:11 Horse Collar
17:25 Gold Mining
21:04 Castle Age
20:07 Wheelbarrow
22:02 Bow Saw
22:04 Heavy Plow
23:33 Town Watch
24:05 Hand Cart
27:21 Padded Archer Armor
27:57 Ballistics
29:48 Leather Archer Armor
31:26 Husbandry
34:11 Fletching
40:38 Imperial Age
38:25 Scale Barding Armor
38:48 Masonry
38:53 Forging
39:39 Bloodlines
41:38 Town Patrol
42:39 Chain Barding Armor
42:55 Iron Casting
43:01 Conscription
42:05 Cavalier
44:02 Two-Man Saw
45:44 Blast Furnace
45:31 Plate Barding Armor
46:48 Chemistry
46:45 Hoardings
46:11 Capped Ram
Coolthulhu36
6:55 Loom
15:12 Feudal Age
15:58 Double-Bit Axe
16:01 Fishing Lines
16:25 Town Watch
20:28 Castle Age
18:20 Fletching
20:20 Padded Archer Armor
20:59 Crossbowman
23:23 Thumb Ring
23:59 Wheelbarrow
24:48 Bodkin Arrow
25:58 Leather Archer Armor
31:00 Bow Saw
31:11 Medium Warships
32:05 Gillnets
34:19 Ballistics
37:46 Imperial Age
41:55 Horse Collar
41:57 Arbalester
44:41 Chemistry
44:07 Bracer
46:40 Ring Archer Armor
46:21 Forging
46:16 Scale Barding Armor
Mr. K
4:43 Loom
13:13 Feudal Age
14:41 Double-Bit Axe
19:51 Horse Collar
20:03 Gold Mining
22:47 Castle Age
23:29 Scale Mail Armor
23:15 Arson
24:02 Bow Saw
24:23 Squires
24:37 Forging
24:34 Gambesons
24:43 Gambesons
26:30 Chain Mail Armor
28:12 Iron Casting
29:26 Wheelbarrow
33:50 Heavy Plow
34:10 Hand Cart
38:27 Gold Shaft Mining
37:43 Stone Mining
40:27 Imperial Age
37:44 Town Watch
40:01 Fletching
40:18 Scale Barding Armor
42:54 Conscription
46:07 Stone Shaft Mining
45:22 Elite Varangian Guard
46:13 Town Patrol
47:05 Plate Mail Armor
Cheario
5:07 Loom
13:34 Feudal Age
14:05 Double-Bit Axe
18:33 Castle Age
17:36 Gold Mining
19:59 Fletching
20:43 Bodkin Arrow
23:48 Wheelbarrow
27:06 Hand Cart
26:51 Town Watch
27:01 Stone Mining
27:24 Horse Collar
28:27 Gold Shaft Mining
29:15 Padded Archer Armor
29:06 Elite Skirmisher
30:26 Leather Archer Armor
30:16 Fishing Lines
30:59 Gillnets
31:57 Redemption
32:30 Bow Saw
35:21 Imperial Age
34:07 Town Patrol
34:37 Scale Mail Armor
34:47 Forging
34:49 Gambesons
35:28 Clerical Recruitment
37:18 Chemistry
36:32 Bracer
37:43 Ring Archer Armor
38:34 Two-Man Saw
38:38 Block Printing
38:47 Conscription
39:42 Masonry
39:14 Treadmill Crane
40:54 Architecture
41:21 Siege Engineers
41:52 Architecture
42:24 Ballistics
44:03 Man-at-Arms
44:45 Squires
45:06 Chain Mail Armor
45:26 Iron Casting
44:42 Long Swordsman
Mordon327
5:05 Loom
13:45 Feudal Age
14:45 Town Watch
18:51 Castle Age
21:35 Wheelbarrow
22:54 Hand Cart
23:05 Double-Bit Axe
24:07 Forging
25:30 Scale Mail Armor
36:04 Gold Mining
43:13 Bow Saw
SirH
3:28 Loom
16:44 Feudal Age
19:58 Fletching
22:27 Castle Age
22:01 Wheelbarrow
21:16 Town Watch
23:25 Bodkin Arrow
23:17 Double-Bit Axe
26:54 Imperial Age
26:30 Bow Saw
27:09 Ballistics
27:45 Town Watch
29:59 Bracer
30:08 Scale Barding Armor
31:22 Chain Barding Armor
31:05 Scale Mail Armor
34:32 Murder Holes
39:31 Hand Cart
Connection lost

Rejoining the realm…

Still unreachable

The connection could not be restored.

Session expired

The server has moved on; the page needs a fresh start.